 Dungeon Crawl Stone Soup version 0.20.0-4-g10b340a (webtiles) character file.

236 Gataroth the Skirmisher (level 6, -4/39 HPs)
             Began as a Gargoyle Monk on May 27, 2017.
             Slain by an ogre
             ... wielding a +0 giant spiked club
              (18 damage)
             ... on level 3 of the Dungeon.
             The game lasted 00:13:34 (3249 turns).

Gataroth the Skirmisher (Gargoyle Monk)             Turns: 3249, Time: 00:13:35

Health: -4/39      AC: 14    Str: 16    XL:     6   Next: 6%
Magic:  6/6        EV:  7    Int: 11    God:
Gold:   98         SH:  0    Dex: 12    Spells: 5/5 levels left

rFire    . . .     SeeInvis .   C - +2 quarterstaff (chaos)
rCold    . . .     Gourm    .   (shield currently unavailable)
rNeg     + . .     Faith    +   A - +0 chain mail
rPois    ∞         Spirit   .   (no helmet)
rElec    +         Reflect  .   D - +0 cloak
rCorr    +         Harm     .   (no gloves)
MR       .....                  (no boots)
Stlth    ..........             H - amulet of faith
Regen    0.2/turn               J - ring of resist corrosion
MPRegen  0.1/turn               (no ring)

@: no status effects
A: negative energy resistance 1, electricity resistance, unbreathing,
petrification resistance, rot immunity, AC +4
a: no special abilities


You were on level 3 of the Dungeon.
You were not hungry.

You visited 1 branch of the dungeon, and saw 4 of its levels.

You collected 98 gold pieces.

Inventory:

Hand Weapons
 a - a +0 mace
 f - a +0 whip
 C - a +2 quarterstaff of chaos (weapon)
Missiles
 i - 5 tomahawks of returning
 w - 62 stones (quivered)
Armour
 b - a +0 robe
 j - a +0 leather armour
 m - a +0 ring mail
 r - a scarf of repulsion
 A - a +0 chain mail (worn)
 D - a +0 cloak (worn)
Jewellery
 H - an amulet of faith (around neck)
 J - a ring of resist corrosion (left hand)
Wands
 B - a wand of iceblast (6/15)
Scrolls
 d - 2 scrolls of teleportation {unknown}
 e - 4 scrolls of remove curse
 l - a scroll of enchant weapon {unknown}
 o - 4 scrolls of identify {unknown}
 s - a scroll of enchant armour {unknown}
 t - 3 scrolls of amnesia {unknown}
 y - 3 scrolls of random uselessness {unknown}
 z - a scroll of immolation {unknown}
 E - a scroll of blinking {unknown}
 F - a scroll of magic mapping {unknown}
 I - a scroll of fog {unknown}
Potions
 k - a potion of mutation {unknown}
 n - 2 potions of curing {unknown}
 p - 2 potions of invisibility {unknown}
 q - a potion of degeneration {unknown}
 u - a potion of ambrosia {unknown}
 v - a potion of berserk rage {unknown}
 x - a potion of haste {unknown}
Comestibles
 c - 2 bread rations
 g - 3 meat rations
 h - 3 fruits
 G - 6 chunks of flesh


   Skills:
 + Level 4.4 Fighting
 - Level 4.3(4.6) Maces & Flails
 + Level 2.1(3.5) Staves
 + Level 2.0 Armour
 + Level 2.9 Dodging
 + Level 2.5 Stealth


You had 5 spell levels left.
You didn't know any spells.

Dungeon Overview and Level Annotations

Branches:
Dungeon (4/15)
 Temple: D:4-7

Altars:
Dithmenos
Makhleb


Innate Abilities, Weirdness & Mutations

You are resistant to torment.
Your stone body is resilient. (AC +4)
You are immune to poison.
You resist negative energy. (rN+)
You are resistant to electric shocks. (rElec)
You can survive without breathing.
You are immune to petrification.
You are immune to rotting.


Message History

The ogre shouts!
Put on which piece of jewellery? (? for menu, Esc to quit)
J - a ring of resist corrosion (left hand)
You hit the ogre. You burn the ogre.
The ogre is lightly wounded.
The ogre barely misses you.
An ogre comes into view. It is wielding a giant club.
The ogre shouts!
The ogre moves out of view.
There is a stone staircase leading up here.
The ogre hits you with a giant spiked club!
You climb upwards.
There is a stone staircase leading down here.
You sock the ogre! You freeze the ogre.
The ogre is heavily wounded.
The ogre hits you with a giant spiked club!
You hit the ogre.
The ogre goes berserk!
The ogre is heavily wounded.
The ogre hits you with a giant spiked club!!
You die...

#.###.....#
####.##..#####
##............####
##.........###....####
#...........#####.....
#...........# ######
#...........# #
##...O.....## #
##..@#...## #
######### ## ###.
####... #......
#....## #....# ######


You could see an ogre (berserk).

Vanquished Creatures
  Crazy Yiuf (D:2)
  Jessica (D:2)
  Terence (D:3)
  2 gnolls (D:3)
  6 adders
  An ooze (D:3)
  2 worms (D:2)
  4 orcs (D:3)
  4 bats
  3 giant cockroaches
  11 goblins
  7 hobgoblins
  A quokka (D:2)
  A ball python (D:3)
  4 frilled lizards
  4 kobolds
  7 rats
60 creatures vanquished.

Vanquished Creatures (collateral kills)
  2 gnolls (D:3)
2 creatures vanquished.

Grand Total: 62 creatures vanquished

Notes
Turn   | Place    | Note
-------+----------+-------------------------------------------
     0 | D:1      | Gataroth the Gargoyle Monk began the quest for the Orb.
     0 | D:1      | Reached XP level 1. HP: 14/14 MP: 1/1
   434 | D:1      | Reached XP level 2. HP: 10/19 MP: 2/2
   862 | D:2      | Noticed Jessica
   872 | D:2      | Killed Jessica
   872 | D:2      | Reached XP level 3. HP: 13/24 MP: 3/3
  1101 | D:1      | You fall through a shaft!
  1235 | D:2      | Found a burning altar of Makhleb.
  1252 | D:2      | Reached XP level 4. HP: 20/29 MP: 4/4
  1449 | D:2      | Found a shadowy altar of Dithmenos.
  2027 | D:4      | Noticed an ogre
  2092 | D:2      | Found a runed door.
  2096 | D:2      | Noticed Crazy Yiuf
  2103 | D:2      | Killed Crazy Yiuf
  2103 | D:2      | Reached skill level 1 in Armour
  2324 | D:2      | Reached XP level 5. HP: 33/33 MP: 5/5
  2660 | D:3      | Reached skill level 1 in Staves
  2842 | D:3      | Noticed Terence
  2853 | D:3      | Killed Terence
  3014 | D:3      | Reached XP level 6. HP: 37/39 MP: 6/6
  3249 | D:3      | Slain by an ogre

Skill      XL: |  1  2  3  4  5 |
---------------+----------------+-----
Fighting       | 4 |  4.4
Maces & Flails | 4 |  4.3
Armour         | 1 2 |  2.0
Staves         | 2 |  2.1
Dodging        | |  2.9
Stealth        | |  2.5

Action                   |  1- 3 |  4- 6 || total
-------------------------+-------+-------++-------
Melee: Mace              |    69 |    58 ||   127
       Quarterstaff      |       |    90 ||    90
  Use: Scroll            |       |     1 ||     1
 Stab: Sleeping          |     1 |       ||     1
       Paralysed         |       |     1 ||     1
  Eat: Chunk             |     1 |     7 ||     8
Armor: Robe              |    10 |       ||    10
       Leather armour    |     4 |       ||     4
       Ring mail         |    18 |    24 ||    42
       Chain mail        |       |    67 ||    67
Dodge: Dodged            |    48 |    62 ||   110
       Deflected         |       |     3 ||     3
